 Dungeon Crawl Stone Soup version 0.31-a0-574-g69dc8cc98e (webtiles) character file.

Game seed: 14171429874673209724

3752 ytrimaz the Mimic (level 10, 0/106 HPs)
             Began as an Octopode Shapeshifter on Aug 18, 2023.
             Was an Initiate of Ashenzari.
             Slain by a two-headed ogre
             ... wielding a +0 giant club
              (19 damage)
             ... on level 7 of the Dungeon.
             The game lasted 00:08:05 (7330 turns).

ytrimaz the Mimic (Octopode Shapeshifter)           Turns: 7330, Time: 00:08:06

Health: 0/106      AC: 25    Str: 15    XL:     10   Next: 15%
Magic:  10/10      EV:  2    Int: 17    God:    Ashenzari [......]
Gold:   584        SH:  0    Dex: 16    Spells: 9/9 levels left

rFire   . .          .
                       - Unarmed
rCold   . . .        (no shield)
rNeg    . . .        (helmet currently unavailable)
rPois   +            (no amulet)
rElec   .            f - +6 ring of intelligence
rCorr   .            (no ring)
SInv    .            (no ring)
Will    .....        (no ring)
Stlth   ++++         (no ring)
HPRegen 0.37/turn    (no ring)
MPRegen 0.12/turn    (no ring)
                     (no ring)

%: no passive effects
@: tree-form (expiring), invisible
A: stationary, stasis, torment immunity, boosted hp, almost no armour,
(amphibious), 8 rings, (camouflage 1), (gelatinous body 1), (nimble swimmer 1),
(tentacles)
a: Renounce Religion, Curse Item


You were on level 7 of the Dungeon.
You worshipped Ashenzari.
Ashenzari was noncommittal.
You were a tree.
You visited 2 branches of the dungeon, and saw 8 of its levels.
You also visited: Ossuary.

You collected 584 gold pieces.


Innate Abilities, Weirdness & Mutations

You are a tree.
Your roots penetrate the ground, keeping you stationary.
You cannot be teleported.
You are immune to unholy pain and torment.
Your maximum health is greatly increased.
You cannot wear most types of armour.
((You are amphibious.))
You can wear up to eight rings at the same time.
((Your skin changes colour to match your surroundings (Stealth+).))
((Your rubbery body absorbs attacks. (AC +1, EV +1)))
((You are camouflaged when in or above water. (Stealth+)))
((You have tentacles for arms and can constrict up to eight enemies at once.))


   Skills:
 + Level 7.0 Fighting
 - Level 2.7 Dodging
 - Level 9.0 Stealth
 - Level 3.0 Unarmed Combat
 + Level 9.4 Shapeshifting


You had 9 spell levels left.
You didn't know any spells.
Your spell library contained the following spells:

 Spells                   Type           Power      Damage    Failure   Level
 Apportation              Tloc           0%         N/A       24%         1
 Foxfire                  Conj/Fire      0%         2x1d4     24%         1
 Kiss of Death            Conj/Necr      0%         2d5       24%         1
 Sandblast                Erth           0%         2d4       24%         1
 Passwall                 Tmut/Erth      0%         N/A       34%         2
 Poisonous Vapours        Pois/Air       0%         N/A       34%         2
 Dazzling Flash           Conj/Hex       0%         N/A       56%         3
 Ignite Poison            Fire/Tmut/Pois 0%         N/A       56%         3
 Mephitic Cloud           Conj/Pois/Air  0%         N/A       56%         3
 Stone Arrow              Conj/Erth      0%         3d7       56%         3
 Volatile Blastmotes      Fire/Tloc      0%         2d10      56%         3
 Anguish                  Hex/Necr       0%         N/A       93%         4
 Cause Fear               Hex            0%         N/A       93%         4
 Sticky Flame             Conj/Fire      0%         2d3       93%         4
 Alistair's Intoxication  Tmut/Pois      0%         N/A       100%        5
 Freezing Cloud           Conj/Ice/Air   0%         6-21      100%        5
 Plasma Beam              Fire/Air       0%         2x1d10    100%        6
 Starburst                Conj/Fire      0%         6d3       100%        6
 Enfeeble                 Hex            0%         N/A       100%        7
 Ignition                 Fire           0%         3d3       100%        8
 Maxwell's Capacitive Co  Air            0%         ∞         100%        8

Inventory:

Jewellery
 f - a +6 ring of intelligence (left branch)
   (You found it on level 1 of the Dungeon)
Talismans
 b - a beast talisman
 c - a flux talisman
 k - a serpent talisman
   (You found it on level 3 of the Dungeon)
 l - a blade talisman
   (You found it on level 4 of the Dungeon)
Wands
 n - a wand of flame (44)
   (You found it on level 5 of the Dungeon)
Scrolls
 d - 2 scrolls of amnesia
 e - 2 scrolls of teleportation
 i - 3 scrolls of vulnerability
 o - a scroll of revelation
 r - a scroll of blinking
 s - a scroll of poison
Potions
 a - a potion of lignification
 j - a potion of curing
 m - a potion of invisibility
 p - a potion of resistance
 t - a potion of mutation {unknown}
 u - a potion of enlightenment {unknown}

Dungeon Overview and Level Annotations

Branches:
Dungeon (7/15) Zot: 26881  Temple (1/1) D:6 Zot: 5866 Ossuary (visited)

Altars:
Ashenzari
Cheibriados
Dithmenos
Elyvilon
Fedhas
Gozag
Makhleb
Nemelex Xobeh
Okawaru
Qazlal
Ru
Sif Muna
Trog
Wu Jian
Xom
Yredelemnul
Zin
The Shining One

Shops:
D:1

[(* ##.........
#.........
.8.......
....O.. #.....
#...#
#...############
#..).O♣.†.......
###.###[###..###
#.# #.###..##
#.###........
#.##...##..##
###..........#
.........###.#
#######.## # #.#


You could see a two-headed ogre (unable to see you).


Message History

You kill the orc wizard! 😮 HP[+1]
A boggart comes into view.
The boggart moves out of view.
Things that are here:
a +0 dagger; a +0 robe; an orc corpse
Things that are here:
a +0 dagger; a +0 robe; 😮 HP[+1]
Items here: )) [[ ††.
Your transformation has ended.
You turn into a tree.
Your roots penetrate the ground. 😮 HP[+23]
You now have 93 max hp (+19).
You regained 23 hp, and now have 68/93 hp.
You fade into invisibility!
Unknown command. 😮 HP[+1]
You catch the helpless two-headed ogre completely off-guard!
You smack the two-headed ogre!
The two-headed ogre hits you with a +0 giant club!
The two-headed ogre hits you but does no damage. 😮 HP[-7]
You take 7 damage, and now have 62/93 hp.
You hit the two-headed ogre but do no damage.
The two-headed ogre hits you with a +0 giant club!
The two-headed ogre barely misses you. 😮 HP[-8]
You take 8 damage, and now have 54/93 hp.
You smack the two-headed ogre!
Unknown command.
You completely miss the two-headed ogre.
The two-headed ogre hits you with a +0 giant club.
The two-headed ogre hits you with a +0 giant club!
* * * LOW HITPOINT WARNING * * *
😨 HP[-18]
You take 18 damage, and now have 36/93 hp.
You smack the two-headed ogre!
The two-headed ogre hits you with a +0 giant club!
* * * LOW HITPOINT WARNING * * *
The two-headed ogre hits you with a +0 giant club.
* * * LOW HITPOINT WARNING * * *
😱 HP[-19]
You take 19 damage, and now have 17/93 hp.
MASSIVE DAMAGE!! (PAUSE) Unknown command.
You closely miss the two-headed ogre.
Unknown command.
You feel much better.
The two-headed ogre hits you with a +0 giant club.
* * * LOW HITPOINT WARNING * * *
The two-headed ogre hits you with a +0 giant club.
* * * LOW HITPOINT WARNING * * *
😨 HP[+20]
You regained 20 hp, and now have 37/93 hp.
Unknown command.
You smack the two-headed ogre! 😨 HP[+1] Unknown command.
You hit the two-headed ogre. You barely miss the two-headed ogre.
You hit the two-headed ogre.
Your transformation is almost over.
The two-headed ogre hits you with a +0 giant club!
* * * LOW HITPOINT WARNING * * *
The two-headed ogre hits you with a +0 giant club!
* * * LOW HITPOINT WARNING * * *
😱 HP[-23]
You take 23 damage, and now have 15/93 hp.
MASSIVE DAMAGE!! (PAUSE)
You strike the helpless two-headed ogre from behind!
You hit the two-headed ogre but do no damage.
The two-headed ogre hits you but does no damage.
The two-headed ogre hits you with a +0 giant club.
* * * LOW HITPOINT WARNING * * *
😱 HP[-3]
You take 3 damage, and now have 12/93 hp.
You feel much better. 😨 HP[+26]
You regained 26 hp, and now have 38/93 hp.
Unknown command.
You barely miss the two-headed ogre.
The two-headed ogre hits you with a +0 giant club!
* * * LOW HITPOINT WARNING * * *
The two-headed ogre hits you with a +0 giant club!
* * * LOW HITPOINT WARNING * * *
😱 HP[-22]
You take 22 damage, and now have 16/93 hp.
MASSIVE DAMAGE!! (PAUSE)
You smack the two-headed ogre!
You kill the two-headed ogre!
Your Fighting skill increases to level 7!
You have reached level 10!
You feel stronger. 😱 HP[+2] MP[+1]
You now have 106 max hp (+13).
You regained 2 hp, and now have 18/106 hp.
Your mp is fully restored (10).
It was a potion of magic.
Magic courses through your body.
The two-headed ogre hits you with a +0 giant club!!
You die...

Skill      XL: |  1  2  3  4  5  6  7  8  9 |
---------------+----------------------------+-----
Stealth        | 1 2 3 4 6 8 9 |  9.0
Shapeshifting  | 4 5 7 9 |  9.4
Fighting       | 2 7 |  7.0
Dodging        | |  2.7
Unarmed Combat | |  3.0

Action                     |  1- 3 |  4- 6 |  7- 9 | 10-12 || total
---------------------------+-------+-------+-------+-------++-------
  Melee: Unarmed           |    46 |   122 |   237 |       ||   405
         Constrict         |    16 |    30 |    51 |       ||    97
         Tentacles         |    12 |    14 |       |       ||    26
         Punch             |     1 |     1 |       |       ||     2
    Use: Scroll            |     4 |     1 |     7 |       ||    12
         Potion            |       |     1 |     6 |     1 ||     8
   Stab: Sleeping          |     6 |    13 |     4 |       ||    23
         Invisible         |       |       |     2 |       ||     2
         Distracted        |       |       |     1 |       ||     1
 Armour: Skin              |     7 |    46 |    89 |       ||   142
  Dodge: Dodged            |    20 |    62 |    78 |       ||   160
   Form: Anaconda          |       |     1 |       |       ||     1

Levels and vault maps discovered:
D:1:      psy_arrival_basics, layout_basic, serial_shops, shop,
          nicolae_shop_behind_doors, nicolae_shop_rolling_square,
          shapermc_ecumenical_altar_rom_forum, minmay_worlds_worst_comb
D:2:      layout_basic
D:3:      layout_basic
D:4:      kennysheep_slugbush, layout_cave_pods,
          gammafunk_temple_overflow_statue
D:5:      layout_layer_cave, nzn_wu_jian_council_hall, lemuel_crystal_altar,
          gup_ossuary_entry_pyramid, minmay_diced_spiral, uniq_pikel,
          uniq_grinder
D:6:      dreamdust_elfheim, layout_basic, elyvilon_altar_3,
          minmay_temple_entry_mini_moons, uniq_menkaure, uniq_blork_the_orc,
          uniq_jeremiah
D:7:      layout_loops_corners, mainiacjoe_overflow_concentric_impassable,
          nicolae_hepliaklqana_hippocampus, nicolae_phantomly_mirrored
Temple:   nicolae_temple_bog_church

Notes
Turn   | Place    | Note
-------+----------+-------------------------------------------
     0 | D:1      | ytrimaz the Octopode Shapeshifter began the quest for the
                  | Orb.
     0 | D:1      | Reached XP level 1. HP: 13/13 MP: 1/1
     0 | D:1      | magus.rc [v1.9.6]
    46 | D:1      | Reached skill level 1 in Stealth
    86 | D:1      | Found a faded altar of an unknown god.
    92 | D:1      | Reached XP level 2. HP: 12/18 MP: 2/2
   135 | D:1      | Got Plato's Handbook of the Graveyard
   204 | D:1      | Found Muqaem's Armour Shop.
   343 | D:1      | Reached skill level 2 in Stealth
   508 | D:1      | Found Agoap's Antique Weapon Shop.
   521 | D:1      | Found Idutafem's Assorted Antiques.
   590 | D:1      | You add the spells Ignite Poison, Sticky Flame and Ignition
                  | to your library.
   869 | D:2      | Reached XP level 3. HP: 23/23 MP: 3/3
  1173 | D:2      | Reached skill level 3 in Stealth
  1175 | D:2      | Reached XP level 4. HP: 27/28 MP: 4/4
  1586 | D:2      | You pick up a book of Vapours and begin reading...
  1586 | D:2      | You add the spells Poisonous Vapours, Mephitic Cloud and
                  | Freezing Cloud to your library.
  1689 | D:2      | Reached skill level 4 in Stealth
  2288 | D:3      | Reached skill level 4 in Shapeshifting
  2438 | D:3      | You pick up a book of Geomancy and begin reading...
  2438 | D:3      | You add the spells Sandblast, Passwall and Stone Arrow to
                  | your library.
  2738 | D:4      | Noticed a scorpion
  2746 | D:4      | Killed a scorpion
  2747 | D:4      | Reached XP level 5. HP: 20/33 MP: 5/5
  2770 | D:4      | Noticed a phantom
  2783 | D:4      | HP: 10/49 [phantom (3)]
  2785 | D:4      | Killed a phantom
  2786 | D:4      | Reached XP level 6. HP: 13/39 MP: 6/6
  2791 | D:4      | Reached skill level 2 in Fighting
  3279 | D:4      | Found a stormy altar of Qazlal.
  3279 | D:4      | Found a glowing golden altar of the Shining One.
  3719 | D:5      | Entered Level 5 of the Dungeon
  3789 | D:5      | Noticed a water moccasin
  3809 | D:5      | Killed a water moccasin
  3810 | D:5      | Reached skill level 5 in Stealth
  3839 | D:5      | Reached skill level 6 in Stealth
  3839 | D:5      | Reached skill level 5 in Shapeshifting
  3839 | D:5      | Reached XP level 7. HP: 31/45 MP: 7/7
  3888 | D:5      | Reached skill level 7 in Stealth
  3926 | D:5      | Found a sand-covered staircase.
  3934 | Ossuary  | Entered an ossuary
  4213 | D:5      | You pick up a book of Party Tricks and begin reading...
  4213 | D:5      | You add the spells Apportation and Alistair's Intoxication
                  | to your library.
  4256 | D:5      | Found a shimmering altar of Xom.
  4286 | D:5      | Noticed Grinder
  4292 | D:5      | Killed Grinder
  4293 | D:5      | Reached skill level 8 in Stealth
  4293 | D:5      | Reached XP level 8. HP: 27/50 MP: 8/8
  4424 | D:5      | Reached skill level 9 in Stealth
  4432 | D:5      | Reached skill level 6 in Shapeshifting
  4696 | D:5      | Noticed Pikel
  4712 | D:5      | Killed Pikel
  4713 | D:5      | Reached skill level 7 in Shapeshifting
  4901 | D:5      | Reached XP level 9. HP: 49/55 MP: 9/9
  5255 | D:5      | Found an ornate altar of the Wu Jian Council.
  5567 | D:6      | Reached skill level 3 in Fighting
  5624 | D:6      | You pick up a book of Spectacle and begin reading...
  5624 | D:6      | You add the spells Volatile Blastmotes, Dazzling Flash,
                  | Starburst and Maxwell's Capacitive Coupling to your
                  | library.
  5627 | D:6      | Found a staircase to the Ecumenical Temple.
  5636 | D:6      | Reached skill level 8 in Shapeshifting
  5661 | Temple   | Entered the Ecumenical Temple
  5780 | Temple   | Became a worshipper of Ashenzari the Shackled
  5797 | D:6      | You pick up a book of Hexes and begin reading...
  5797 | D:6      | You add the spells Anguish, Cause Fear and Enfeeble to your
                  | library.
  6104 | D:6      | Noticed Menkaure
  6111 | D:6      | Killed Menkaure
  6112 | D:6      | Reached skill level 4 in Fighting
  6123 | D:6      | You pick up a book of Fire and begin reading...
  6123 | D:6      | You add the spells Foxfire and Plasma Beam to your library.
  6166 | D:6      | Found a white marble altar of Elyvilon.
  6169 | D:6      | Noticed Jeremiah
  6575 | D:6      | Killed Jeremiah
  6576 | D:6      | Reached skill level 5 in Fighting
  6755 | D:6      | Noticed Duvessa
  6755 | D:6      | Noticed Dowan
  6763 | D:6      | Killed Duvessa
  6767 | D:6      | Killed Dowan
  6844 | D:6      | Noticed Blork the orc
  6854 | D:6      | Killed Blork the orc
  7296 | D:7      | Reached skill level 6 in Fighting
  7296 | D:7      | Reached skill level 9 in Shapeshifting
  7301 | D:7      | magus.rc [v1.9.6]
  7305 | D:7      | Noticed a two-headed ogre
  7306 | D:7      | Noticed a two-headed ogre
  7319 | D:7      | HP: 20/93 [two-headed ogre/+0 giant club (17)]
  7325 | D:7      | HP: 15/93 [two-headed ogre/+0 giant club (17)]
  7329 | D:7      | Killed a two-headed ogre
  7330 | D:7      | Reached skill level 7 in Fighting
  7330 | D:7      | Reached XP level 10. HP: 18/71 MP: 10/10
  7330 | D:7      | Slain by a two-headed ogre

Vanquished Creatures
  A two-headed ogre (D:7)
  Pikel (D:5)
  Jeremiah (D:6)
  Grinder (D:5)
  Menkaure (D:6)
  A water moccasin (D:5)
  Duvessa (D:6)
  An ice beast (D:5)
  2 orc warriors
  A sky beast (D:6)
  A black bear (D:5)
  A boggart (D:7)
  A centaur (D:5)
  A phantom (D:4)
  A kobold brigand (D:6)
  Blork the orc (D:6)
  An elf zombie (Ossuary)
  3 bullfrogs
  A scorpion (D:4)
  Dowan (D:6)
  2 hounds (D:5)
  2 jellies
  2 orc priests
  4 iguanas
  2 sleepcaps (D:6)
  6 orc wizards
  3 mummies
  9 adders
  A worm (D:4)
  7 dart slugs (D:4)
  26 orcs
  3 bats
  3 endoplasms
  10 giant cockroaches
  12 goblins
  5 hobgoblins
  2 quokkas
  A ball python (D:1)
  2 frilled lizards
  5 goblin zombies (Ossuary)
  2 hobgoblin zombies (Ossuary)
  19 kobolds
  6 orc zombies (Ossuary)
  5 rats
162 creatures vanquished.

Table legend:
 A = Non-vault XP
 B = Vault XP
 C = Vault XP percentage of total XP
 D = Non-vault monster count
 E = Vault monster count
 F = Vault count percentage of total count
                 A         B        C        D         E       F
            +---------+---------+-------+---------+---------+-------
      Total |    2399 |    2962 |  55.3 |     122 |      40 |  24.7
            +---------+---------+-------+---------+---------+-------
        D:1 |      22 |      10 |  31.2 |      13 |       5 |  27.8
        D:2 |      97 |       0 |   0.0 |      26 |       0 |   0.0
        D:3 |      32 |       0 |   0.0 |      14 |       0 |   0.0
        D:4 |     217 |      28 |  11.4 |      11 |       7 |  38.9
        D:5 |     922 |     956 |  50.9 |      23 |       5 |  17.9
        D:6 |     675 |     892 |  56.9 |      28 |       5 |  15.2
        D:7 |     434 |     937 |  68.3 |       7 |       2 |  22.2
    Ossuary |       0 |     139 | 100.0 |       0 |      16 | 100.0
            +---------+---------+-------+---------+---------+-------

Skill      XL: |  1  2  3  4  5  6  7  8  9 |
---------------+----------------------------+-----
Stealth        | 1 2 3 4 6 8 9 |  9.0
Shapeshifting  | 4 5 7 9 |  9.4
Fighting       | 2 7 |  7.0
Dodging        | |  2.7
Unarmed Combat | |  3.0

Action                     |  1- 3 |  4- 6 |  7- 9 | 10-12 || total
---------------------------+-------+-------+-------+-------++-------
  Melee: Unarmed           |    46 |   122 |   237 |       ||   405
         Constrict         |    16 |    30 |    51 |       ||    97
         Tentacles         |    12 |    14 |       |       ||    26
         Punch             |     1 |     1 |       |       ||     2
    Use: Scroll            |     4 |     1 |     7 |       ||    12
         Potion            |       |     1 |     6 |     1 ||     8
   Stab: Sleeping          |     6 |    13 |     4 |       ||    23
         Invisible         |       |       |     2 |       ||     2
         Distracted        |       |       |     1 |       ||     1
 Armour: Skin              |     7 |    46 |    89 |       ||   142
  Dodge: Dodged            |    20 |    62 |    78 |       ||   160
   Form: Anaconda          |       |     1 |       |       ||     1

Illustrated notes

Table legend:
 A = Kills in this place as a percentage of kills in the entire game.
 B = Kills by you in this place as a percentage of kills by you in the entire game.
 C = Kills by friends in this place as a percentage of kills by friends in the entire game.
 D = Other kills in this place as a percentage of other kills in the entire game.
 E = Experience gained in this place as a percentage of experience gained in the entire game.
 F = Experience gained in this place divided by the number of levels of this place that you have seen.
                   A       B       C       D       E      F
               +-------+-------+-------+-------+-------+----------------------
         Total | 100.0 | 100.0 |   N/A |   N/A | 100.0 | 595.7
       Dungeon |  90.1 |  90.1 |   N/A |   N/A |  97.4 | 746.0
       Ossuary |   9.9 |   9.9 |   N/A |   N/A |   2.6 | 139.0
               +-------+-------+-------+-------+-------+----------------------

Table legend: (Time is in decaauts)
 A = Elapsed time spent in this place.
 B = Non-inter-level travel time spent in this place.
 C = Inter-level travel time spent in this place.
 D = Time resting spent in this place.
 E = Time spent auto-exploring this place.
 F = Levels seen in this place.
 G = Mean time per level.
                   A        B        C        D        E       F      G
               +--------+--------+--------+--------+--------+-----+--------+
         Total |   7315 |   7008 |    307 |    237 |   5591 |   9 |  812.8 |
       Dungeon |   6917 |   6623 |    294 |    235 |   5301 |   7 |  988.1 |
        Temple |    133 |    120 |     13 |      0 |    100 |   1 |  133.0 |
       Ossuary |    264 |    264 |      0 |      2 |    190 |   1 |  264.0 |
               +--------+--------+--------+--------+--------+-----+--------+

Top non-repeatable levels by time:
     D:6: 1591 daAuts
     D:5: 1497 daAuts
     D:4: 980 daAuts
     D:2: 975 daAuts
     D:1: 906 daAuts
     D:3: 848 daAuts
 Ossuary: 264 daAuts
  Temple: 133 daAuts
     D:7: 117 daAuts
